 Dungeon Crawl Stone Soup version 0.31-a0-1074-g0b22e4e0f1 (webtiles) character file.

Game seed: 15877222007349031283

4 bmb222 the Sneak (level 1, -3/20 HPs)
             Began as a Minotaur Delver on Dec 1, 2023.
             Slain by an orc
             ... wielding a +0 mace
              (6 damage)
             ... on level 3 of the Dungeon.
             The game lasted 00:00:30 (131 turns).

bmb222 the Sneak (Minotaur Delver)                   Turns: 131, Time: 00:00:30

Health: -3/20      AC:  3    Str: 16    XL:     1   Next: 58%
Magic:  0/0        EV: 11    Int:  7    God:
Gold:   9          SH:  0    Dex: 11    Spells: 0/0 levels left

rFire   . . .        a - +0 mace
rCold   . . .        (no shield)
rNeg    . . .        b - +0 leather armour
rPois   .            (helmet restricted)
rElec   .            (no cloak)
rCorr   .            (no gloves)
SInv    .            (no boots)
Will    .....        (no amulet)
Stlth   ++           (no ring)
HPRegen 0.23/turn    (no ring)
MPRegen 0.07/turn

%: no passive effects
@: no status effects
A: horns 2, retaliatory headbutt
a: no special abilities


You were on level 3 of the Dungeon.
You visited 1 branch of the dungeon, and saw 3 of its levels.

You collected 9 gold pieces.

Inventory:

Hand Weapons
 a - a +0 mace (weapon)
Armour
 b - a +0 leather armour (worn)
 d - a +0 ring mail
Wands
 g - a wand of digging (3)
Scrolls
 c - a scroll of fog
 e - a scroll of fear
 h - a scroll of silence {unknown}
 i - a scroll of enchant armour {unknown}
Potions
 f - a potion of haste


   Skills:
 + Level 3.8 Fighting
 + Level 2.4 Maces & Flails
 + Level 2.2 Dodging
 + Level 4.2 Stealth


You couldn't memorise any spells.
You didn't know any spells.
Your spell library was empty.

Dungeon Overview and Level Annotations

Branches:
Dungeon (5/15)
 Temple: D:4-7

Altars:

Annotations:
D:5 Edmund


Innate Abilities, Weirdness & Mutations

You have a pair of horns on your head.
You reflexively headbutt those who attack you in melee.


Message History

An orc and an endoplasm come into view.
Found a grey potion.
There are monsters nearby!
An orc comes into view. It is wielding a +0 hand axe.
The orc shouts!
You hear a shout!
An orc comes into view. It is wielding a +0 mace.
An orc comes into view. It is wielding a +0 short sword.
You hear a shout!
A kobold and an orc come into view.
Found a stone staircase leading down and a stone staircase leading up.
The orc shouts!
The kobold shouts!
The orc shouts!
You hit the orc.
The orc is heavily wounded.
The orc hits you but does no damage. The orc attacks as it pursues you!
The orc barely misses you. The orc attacks as it pursues you!
The orc barely misses you. The orc attacks as it pursues you!
The orc hits you with a +0 short sword. The orc attacks as it pursues you!
The orc barely misses you. The orc hits you with a +0 short sword.
The orc barely misses you.
There is a stone staircase leading down here.
The orc hits you with a +0 short sword. The orc hits you with a +0 hand axe.
You climb downwards.
Found a stone staircase leading down.
There is a stone staircase leading up here.
The goblin shouts!
The orc barely misses you. The orc hits you with a +0 hand axe.
You climb upwards.
The orc hits you but does no damage. The endoplasm freezes you.
You are frozen.
* * * LOW HITPOINT WARNING * * *
The kobold hits you with a +0 short sword.
* * * LOW HITPOINT WARNING * * *
There is a stone staircase leading down, spattered with blood here.
You hit the orc.
You kill the orc!
The orc closely misses you.
The endoplasm hits you but does no damage.
The orc hits you with a +0 mace.
You die...

............#
#........8.#
#.......... .
####!......# ....
#..........# .....
#.8........### ......#
#............# ......
####o)o###.⌠.# ......
#K@o# #...# ..#..
#Jo.###...# #...#
######....# ##..#
#.##...#### ##..#
##....### ##..######
#...###
.........#####..##
#..#.###........#######
..##.# ######.........#


You could see 4 orcs, an endoplasm and a kobold.

Vanquished Creatures
  2 orcs
  3 ball pythons (D:3)
5 creatures vanquished.

Notes
Turn   | Place    | Note
-------+----------+-------------------------------------------
     0 | D:5      | bmb222 the Minotaur Delver began the quest for the Orb.
     0 | D:5      | Reached XP level 1. HP: 19/19 MP: 0/0
     1 | D:5      | Noticed Edmund
     1 | D:5      | Noticed an iguana
   131 | D:3      | Slain by an orc

Illustrated notes

Levels and vault maps discovered:
D:3:      layout_rooms, mainiacjoe_overflow_alcove_4,
          nicolae_elevator_lobby_asterisk
D:4:      layout_rooms, fedhas_ov_isle_minmay,
          mainiacjoe_overflow_cross_hatched, kennysheep_dice
D:5:      layout_rooms, nicolae_kite_square_tiling_tiny, uniq_edmund

Action                     || total
---------------------------++-------
  Melee: Mace              ||     9
         Headbutt          ||     1
    Use: Scroll            ||     1
 Armour: Leather armour    ||    18
  Dodge: Dodged            ||    14

Table legend: (Time is in decaauts)
 A = Elapsed time spent in this place.
 B = Non-inter-level travel time spent in this place.
 C = Inter-level travel time spent in this place.
 D = Time resting spent in this place.
 E = Time spent auto-exploring this place.
 F = Levels seen in this place.
 G = Mean time per level.
                   A        B        C        D        E       F      G
               +--------+--------+--------+--------+--------+-----+--------+
         Total |    133 |    133 |      0 |      0 |     63 |   3 |   44.3 |
       Dungeon |    133 |    133 |      0 |      0 |     63 |   3 |   44.3 |
               +--------+--------+--------+--------+--------+-----+--------+

Top non-repeatable levels by time:
     D:3: 107 daAuts
     D:4: 19 daAuts
     D:5: 6 daAuts
